 Dungeon Crawl Stone Soup version 0.22-a0-109-gbeb7240 (webtiles) character file.

1010 reaverb the Conjurer (level 8, -2/48 HPs)
             Began as a Tengu Air Elementalist on Jan 27, 2018.
             Was an Initiate of Sif Muna.
             Killed by divine providence
             ... invoked by an orc priest
              (10 damage)
             ... on level 6 of the Dungeon.
             The game lasted 00:29:48 (8005 turns).

reaverb the Conjurer (Tengu Air Elementalist)       Turns: 8005, Time: 00:29:49

Health: -2/48      AC:  7    Str: 11      XL:     8   Next: 21%
Magic:  13/14      EV: 21    Int: 15      God:    Sif Muna [......]
Gold:   245        SH:  0    Dex: 19 (20) Spells: 3/13 levels left

rFire    . . .     SeeInvis .   j - +3 short sword
rCold    + . .     Gourm    .   (no shield)
rNeg     . . .     Faith    .   k - +2 robe {rC+}
rPois    .         Spirit   .   (helmet restricted)
rElec    .         Reflect  .   g - +2 cloak
rCorr    .         Harm     .   (no gloves)
MR       .....                  (boots unavailable)
Stlth    +++.......             (no amulet)
HPRegen  0.16/turn              (no ring)
MPRegen  0.14/turn              (no ring)

@: agile, swift, very slightly contaminated, quick
A: beak, talons 3, able to fly 1
a: Fly, Renounce Religion


You were on level 6 of the Dungeon.
You worshipped Sif Muna.
Sif Muna was noncommittal.
You were not hungry.

You visited 1 branch of the dungeon, and saw 6 of its levels.

You collected 245 gold pieces.

Notes
Turn   | Place    | Note
-------+----------+-------------------------------------------
     0 | D:1      | reaverb the Tengu Air Elementalist began the quest for the Orb.
     0 | D:1      | Reached XP level 1. HP: 10/10 MP: 4/4
    64 | D:1      | Reached skill level 1 in Fighting
   293 | D:1      | Reached XP level 2. HP: 16/16 MP: 0/6
   359 | D:1      | Learned a level 2 spell: Swiftness
   812 | D:1      | Reached XP level 3. HP: 21/21 MP: 0/7
  1023 | D:1      | Huge Dmg: 7 Dmg
  1065 | D:1      | Reached skill level 1 in Charms
  1187 | D:1      | Learned a level 3 spell: Static Discharge
  1994 | D:1      | Reached XP level 4. HP: 24/27 MP: 5/8
  2400 | D:2      | Huge Dmg: 7 Dmg
  3092 | D:3      | Gained mutation: You can fly. [Tengu growth]
  3092 | D:3      | Reached XP level 5. HP: 31/31 MP: 5/9
  3875 | D:2      | Huge Dmg: 8 Dmg
  3877 | D:2      | Huge Dmg: 9 Dmg
  4394 | D:3      | Noticed zhngchq's ghost (amateur GnAM)
  4435 | D:4      | Reached XP level 6. HP: 34/36 MP: 0/10
  4563 | D:4      | Huge Dmg: 10 Dmg
  4567 | D:4      | Huge Dmg: 10 Dmg
  5011 | D:4      | Noticed Menkaure
  5017 | D:4      | Noticed a sky beast
  5020 | D:4      | Huge Dmg: 17 Dmg
  5022 | D:4      | Huge Dmg: 8 Dmg
  5035 | D:4      | HP: 1/36 [Menkaure (12)]
  5036 | D:4      | Huge Dmg: 11 Dmg
  5039 | D:4      | Killed Menkaure
  5039 | D:4      | Reached skill level 5 in Conjurations
  5039 | D:4      | Reached skill level 5 in Air Magic
  5046 | D:4      | Huge Dmg: 3 Dmg
  5294 | D:4      | Reached XP level 7. HP: 40/40 MP: 6/11
  5337 | D:4      | Learned a level 4 spell: Airstrike
  5356 | D:4      | Got a brightly glowing jade ring
  5406 | D:3      | Huge Dmg: 17 Dmg
  5407 | D:3      | Huge Dmg: 6 Dmg
  5670 | D:2      | Huge Dmg: 8 Dmg
  6014 | D:3      | Found a deep blue altar of Sif Muna.
  6022 | D:3      | Became a worshipper of Sif Muna the Loreminder
  6025 | D:3      | Huge Dmg: 10 Dmg
  6026 | D:3      | Huge Dmg: 10 Dmg
  6027 | D:3      | Huge Dmg: 9 Dmg
  6528 | D:5      | Entered Level 5 of the Dungeon
  6536 | D:5      | Identified the ring of Impatience {rPois rF- rN+ Int+3} (You found it on level 4 of the Dungeon)
  6588 | D:5      | Found an ornate altar of the Wu Jian Council.
  6707 | D:5      | Found a glowing silver altar of Zin.
  6836 | D:5      | Found a blossoming altar of Fedhas.
  6898 | D:5      | Found a glowing golden altar of the Shining One.
  7013 | D:5      | Found a shadowy altar of Dithmenos.
  7014 | D:5      | Found a burning altar of Makhleb.
  7537 | D:6      | Reached XP level 8. HP: 44/48 MP: 13/13
  7642 | D:6      | Huge Dmg: 9 Dmg
  7892 | D:6      | Reached skill level 5 in Dodging
  7991 | D:6      | Huge Dmg: 19 Dmg
  8005 | D:6      | Killed from afar by an orc priest

Inventory:

Hand Weapons
 i - a +0 dagger
 j - a +3 short sword (weapon)
 o - a +1 rapier
 s - a +0 short sword
Armour
 g - a +2 cloak (worn)
 k - a +2 robe of cold resistance (worn)
 p - a +0 ring mail
Magical Staves
 q - an uncursed staff of poison
Jewellery
 f - the ring of Impatience {rPois rF- rN+ Int+3}
   (You found it on level 4 of the Dungeon)

   [ring of positive energy]

   It affects your intelligence (+3).
   It makes you vulnerable to fire.
   It protects you from poison.
   It protects you from negative energy.
Wands
 h - a wand of paralysis (16)
 x - a wand of iceblast (16)
Scrolls
 l - a scroll of enchant armour
 m - 6 scrolls of remove curse
Potions
 e - 5 potions of curing {probably heal wounds or curing}
 n - a potion of magic
 v - a potion of cancellation
Books
 b - a book of Air

   Spells                             Type                      Level
   a - Shock                          Conjuration/Air              1
   b - Swiftness                      Charms/Air                   2
   c - Static Discharge               Conjuration/Air              3
   d - Airstrike                      Air                          4
   e - Lightning Bolt                 Conjuration/Air              5
Comestibles
 c - 7 rations

Table legend:
 A = Turns spent in this place as a percentage of turns spent in the entire game.
 B = Non-inter-level travel turns spent in this place as a percentage of non-inter-level travel turns spent in the entire game.
 C = Inter-level travel turns spent in this place as a percentage of turns spent in this place.
 D = Turns resting spent in this place as a percentage of non-inter-level travel turns spent in this place.
 E = Turns spent auto-exploring this place as a percentage of non-inter-level travel turns spent in this place.
 F = Non-inter-level travel turns spent in this place divided by the number of levels of this place that you've seen.
                   A       B       C       D       E      F
               +-------+-------+-------+-------+-------+----------------------
         Total | 100.0 | 100.0 |   3.6 |  46.6 |  22.5 | 1285.8
       Dungeon | 100.0 | 100.0 |   3.6 |  46.6 |  22.5 | 1285.8
               +-------+-------+-------+-------+-------+----------------------


   Skills:
 - Level 4.2 Fighting
 + Level 0.1 Short Blades
 - Level 5.0 Dodging
 - Level 2.0 Stealth
 - Level 3.4 Spellcasting
 - Level 6.1 Conjurations
 - Level 1.1 Charms
 - Level 6.0 Air Magic


You had 3 spell levels left.
You knew the following spells:

 Your Spells              Type           Power        Failure   Level  Hunger
a - Shock                 Conj/Air       ###.         1%          1    None
b - Airstrike             Air            ###.......   16%         4    ####...
c - Static Discharge      Conj/Air       ###.....     4%          3    ###....
B - Swiftness             Chrm/Air       ##......     6%          2    ##.....


Dungeon Overview and Level Annotations

Branches:
Dungeon (6/15)
 Temple: D:4-7

Altars:
Dithmenos
Fedhas
Makhleb
Sif Muna
Wu Jian
Zin
The Shining One

Annotations:
D:2 exclusion: downstairs
D:3 !Scary ghost, sky beast, zhngchq's ghost, amateur GnAM
D:4 exclusion: 2 upstairs
D:5 exclusion: sky beast
D:6 exclusions: electric eel, upstairs and 5 more exclusions


Innate Abilities, Weirdness & Mutations

You have a beak for a mouth.
You have claws for feet.
You can fly.


Message History

The phantom blinks!
The phantom misses you.
The phantom blinks!
Okay, then.
Unknown command.
Unknown command.
Okay, then.
Unknown command.
The phantom blinks!
The orc wizard casts a spell at you.
You feel yourself slow down. The phantom barely misses you.
You puncture the phantom! Your kick misses the phantom.
Your peck misses the phantom.
The phantom is moderately damaged.
The phantom closely misses you.
The orc wizard hits you but does no damage.
The phantom blinks!
An orc comes into view. It is wielding a war axe.
The orc shouts!
The orc wizard hits you but does no damage.
The orc wizard hits you but does no damage.
The orc wizard barely misses you. The orc misses you.
The orc wizard gestures wildly while chanting.
The orc wizard blinks!
The orc wizard mumbles some strange words.
The orc wizard blinks!
You hit the orc warrior. Your kick misses the orc warrior.
You peck the orc warrior, but do no damage.
The orc warrior is lightly wounded.
The orc wizard gestures wildly while chanting.
The orc wizard blinks!
The orc warrior misses you.
The orc warrior hits you with a dire flail!
An orc comes into view. It is wielding a short sword.
Damage: -14%(-7hp) hp: 61%(29hp)
You hit the orc warrior.
The orc warrior is lightly wounded.
The orc warrior misses you.
An orc comes into view. It is wielding a short sword.
Unknown command.
You closely miss the orc warrior.
The orc warrior is lightly wounded.
The orc shouts!
You hear a shout!
The orc warrior closely misses you.
The phantom blinks!
The orc warrior hits you with a dire flail.
An orc comes into view. It is wielding a mace.
Damage: -4%(-2hp) hp: 59%(28hp) Unknown command.
Unknown command.
Okay, then.
Unknown command.
It was a potion of agility.
You feel agile all of a sudden. The orc warrior closely misses you.
The orc misses you.
You hit the orc but do no damage. Your kick misses the orc.
The orc warrior completely misses you. The orc hits you with a short sword.
The orc hits you but does no damage. The orc warrior misses you.
An orc priest comes into view. It is wielding a trident.
Damage: -6%(-3hp) hp: 53%(25hp)
You closely miss the orc. The orc misses you. The orc warrior misses you.
You puncture the orc!
You kill the orc!
Sif Muna accepts your kill.
The orc priest calls down the wrath of Beogh upon you.
Beogh smites you!
* * * LOW HITPOINT WARNING * * *
The orc warrior hits you with a dire flail!
* * * LOW HITPOINT WARNING * * *
The orc throws a stone.
The stone completely misses you.
The stone hits the orc warrior.
The orc warrior misses you.
Huge Dmg: -40%(-19hp) hp: 13%(6hp)
You feel yourself speed up. The orc closely misses you.
The orc priest completely misses you. The orc completely misses you.
Things that are here:
a short sword; a ring mail; an orc corpse Unknown command.
Okay, then.
Unknown command.
Blink to where?
Press: ? - help, Dir - move target cursor You are very lightly contaminated with residual magic.
As you read the scroll of blinking, it crumbles to dust.
The orc priest calls upon Beogh to heal something.
Okay, then.
Unknown command.
Okay, then.
Unknown command.
Casting: Airstrike (slightly dangerous; 16% risk of failure)
Confirm with . or Enter, or press ? or * to list all spells.
Okay, then.
Unknown command.
Okay, then.
Unknown command.
Casting: Airstrike (slightly dangerous; 16% risk of failure)
Confirm with . or Enter, or press ? or * to list all spells.
You feel quick.
The orc priest invokes the aid of Beogh against you.
Beogh smites you!
You die...

.........................# #.#.#
#<#..#...#.#.#..##.#..#.## #)#..
.........#.#....##.#..#######o#..
..#.##...#.#.#..............o....
#...##...#.#.#..##...........o...
#.#.##...#.#.#..##.#...#.#....###
.............#..##.#...#.###..#
#.#.#...........##.##..#.# #..###
....#...........@......#.###.....
.........###.#####.....o...o.....
#.#.#.##.###.########..#.###.####
...............................
#.#.#.................##########
###.####.############## #.# #.#
#.# #.# ### ###


You could see an orc priest.

Table legend:
 A = Kills in this place as a percentage of kills in entire the game.
 B = Kills by you in this place as a percentage of kills by you in the entire game.
 C = Kills by friends in this place as a percentage of kills by friends in the entire game.
 D = Other kills in this place as a percentage of other kills in the entire game.
 E = Experience gained in this place as a percentage of experience gained in the entire game.
 F = Experience gained in this place divided by the number of levels of this place that you have seen.
                   A       B       C       D       E      F
               +-------+-------+-------+-------+-------+----------------------
         Total | 100.0 | 100.0 |   N/A |   N/A | 100.0 | 240.5
       Dungeon | 100.0 | 100.0 |   N/A |   N/A | 100.0 | 240.5
               +-------+-------+-------+-------+-------+----------------------

Vanquished Creatures
  Menkaure (D:4)
  An ice beast (D:6)
  A phantom (D:6)
  A bullfrog (D:5)
  A jelly (D:6)
  A howler monkey (D:5)
  A crimson imp (D:5)
  A quasit (D:6)
  2 hounds
  3 orc wizards
  An iguana (D:4)
  2 worker ants
  3 hound skeletons (D:4)
  6 gnolls
  6 adders
  An ooze (D:4)
  An adder zombie (D:5)
  3 worms
  4 dart slugs
  4 leopard geckos
  9 orcs
  A ball python (D:3)
  3 giant cockroaches
  9 goblins
  5 hobgoblins
  8 jackals
  9 kobolds
  2 quokkas (D:3)
  7 bats
  2 frilled lizards
  2 leopard gecko skeletons
  24 rats
125 creatures vanquished.

Action                   |  1- 3 |  4- 6 |  7- 9 || total
-------------------------+-------+-------+-------++-------
Melee: Dagger            |    18 |    45 |       ||    63
       Kick              |     6 |    17 |    19 ||    42
       Unarmed           |     1 |       |       ||     1
       Peck              |     4 |     8 |    19 ||    31
       Short sword       |       |    27 |    95 ||   122
 Cast: Shock             |   103 |    91 |    33 ||   227
       Static Discharge  |       |     9 |     3 ||    12
       Swiftness         |       |     2 |     1 ||     3
       Airstrike         |       |       |     3 ||     3
  Use: Scroll            |       |     5 |    10 ||    15
       Potion            |       |     2 |     3 ||     5
  Eat: Chunk             |     5 |    10 |     2 ||    17
       Ration            |       |     1 |     3 ||     4
Armor: Leather armour    |    25 |     2 |       ||    27
       Ring mail         |       |    14 |       ||    14
       Robe              |       |     9 |    38 ||    47
Dodge: Dodged            |    51 |    87 |    91 ||   229
